 Dungeon Crawl Stone Soup version 0.22-a0-448-g1fb7470 (webtiles) character file.

1 Darkstone the Caller (level 1, -5/13 HPs)
             Began as a Gnoll Summoner on June 4, 2018.
             Slain by a gnoll
             ... wielding a +0 spear
              (7 damage)
             ... on level 1 of the Dungeon.
             The game lasted 00:06:13 (260 turns).

Darkstone the Caller (Gnoll Summoner)                Turns: 260, Time: 00:06:13

Health: -5/13      AC:  2    Str: 10    XL:     1   Next: 20%
Magic:  3/6        EV: 14    Int: 17    God:
Gold:   0          SH:  0    Dex: 15    Spells: 8/9 levels left

rFire    . . .     SeeInvis .   g - +0 hand axe
rCold    . . .     Gourm    .   (no shield)
rNeg     . . .     Faith    .   a - +0 robe
rPois    .         Spirit   .   (no helmet)
rElec    .         Reflect  .   (no cloak)
rCorr    .         Harm     .   (no gloves)
MR       .....                  (no boots)
Stlth    +++.......             (no amulet)
HPRegen  0.04/turn              (no ring)
MPRegen  0.10/turn              (no ring)

@: no status effects
A: distributed training, fangs 1, strong nose
a: no special abilities


You were on level 1 of the Dungeon.
You were not hungry.

You visited 1 branch of the dungeon, and saw 1 of its levels.

Inventory:

Hand Weapons
 g - a +0 hand axe (weapon)
Missiles
 e - 16 poisoned needles
Armour
 a - a +0 robe (worn)
 d - a cursed +0 robe
Scrolls
 b - a scroll of teleportation {unknown}
Potions
 h - a potion of mutation {unknown}
Comestibles
 c - a ration
 f - 2 chunks of flesh


   Skills:
 + Level 0.0 Fighting
 + Level 0.0 Short Blades
 + Level 0.0 Long Blades
 + Level 0.0 Axes
 + Level 0.0 Maces & Flails
 + Level 0.0 Polearms
 + Level 0.0 Staves
 + Level 0.0 Slings
 + Level 0.0 Bows
 + Level 0.0 Crossbows
 + Level 0.0 Throwing
 + Level 0.0 Armour
 + Level 4.4 Dodging
 + Level 4.0 Stealth
 + Level 0.0 Shields
 + Level 0.0 Unarmed Combat
 + Level 4.8 Spellcasting
 + Level 0.0 Conjurations
 + Level 0.0 Hexes
 + Level 0.0 Charms
 + Level 7.0 Summonings
 + Level 0.0 Necromancy
 + Level 0.0 Translocations
 + Level 0.0 Transmutations
 + Level 0.0 Fire Magic
 + Level 0.0 Ice Magic
 + Level 0.0 Air Magic
 + Level 0.0 Earth Magic
 + Level 0.0 Poison Magic
 + Level 0.0 Invocations
 + Level 0.0 Evocations


You had 8 spell levels left.
You knew the following spells:

 Your Spells              Type           Power        Failure   Level  Hunger
a - Summon Small Mammal   Summ           ####         1%          1    None

Your spell library contained the following spells:

 Spells                   Type           Power        Failure   Level  Hunger
 Summon Ice Beast         Ice/Summ       ###.....     34%         4    ####...
 Call Imp                 Summ           ####....     1%          2    #......
 Call Canine Familiar     Summ           ####....     2%          3    ###....
 Summon Lightning Spire   Summ/Air       ###.....     34%         4    ####...
 Summon Guardian Golem    Hex/Summ       ###.....     11%         3    ###....


Dungeon Overview and Level Annotations

Branches:
Dungeon (1/15)

Altars:


Innate Abilities, Weirdness & Mutations

Your experience applies equally to all skills.
You have very sharp teeth.
Your uncanny sense of smell can sniff out nearby items.


Message History

Your quokka bites the gnoll.
The gnoll completely misses you.
Your quokka closely misses the gnoll.
You closely miss the bat. The bat hits you.
Your quokka bites the gnoll.
The gnoll completely misses you. The leopard gecko bites your quokka.
Your quokka dies!
Your quokka's corpse disappears in a puff of smoke!
Your quokka bites the gnoll but does no damage.
Your rat bites the gnoll.
The gnoll barely misses you. The bat barely misses you.
Your quokka closely misses the gnoll.
Your rat barely misses the gnoll.
Something misses your quokka. The bat hits you.
* * * LOW HITPOINT WARNING * * *
The bat hits you but does no damage.
Your rat bites the gnoll but does no damage.
Something bites your quokka.
You barely miss the bat. You bite the bat, but do no damage. The bat hits you.
* * * LOW HITPOINT WARNING * * *
The gnoll hits you from afar with a spear!
Ouch! That really hurt!
You die...

#...?...###.#
##.....## #.#
##...## #.# ##l##
#.. #.# ### ##.##
##..ยง## ###
#....l######.....
#..[.rrg.@b.....#
#.....#########.#
##...## #####


You could see a gnoll, a leopard gecko, a bat, a friendly quokka and a friendly
rat.

Vanquished Creatures
  A leopard gecko (D:1)
1 creature vanquished.

Notes
Turn   | Place    | Note
-------+----------+-------------------------------------------
     0 | D:1      | Darkstone the Gnoll Summoner began the quest for the Orb.
     0 | D:1      | Reached XP level 1. HP: 13/13 MP: 6/6
   260 | D:1      | Slain by a gnoll

Vault maps used:
D:1:      eino_arrival_druids_welcome, serial_forest,
          infiniplex_forest_corner_1, infiniplex_forest_clump_tiny,
          infiniplex_forest_corner_2, infiniplex_forest_lined_room_2,
          minmay_tetromino_o2

Action                   || total
-------------------------++-------
Melee: Hand axe          ||     2
       Unarmed           ||     1
       Bite              ||     1
 Cast: Summon Small Mamm ||     6
Armor: Robe              ||     1
Dodge: Dodged            ||     5

Table legend:
 A = Spawn XP
 B = Non-spawn XP
 C = Spawn XP percentage of total XP
 D = Spawn monster count
 E = Non-spawn monster count
 F = Spawn count percentage of total count
 G = Total turns spent on level
                    A         B        C        D         E        F      G
               +---------+---------+-------+---------+---------+-------+---------
         Total |       0 |       2 |   0.0 |       0 |       1 |   0.0 |   260
               +---------+---------+-------+---------+---------+-------+---------
           D:1 |       0 |       2 |   0.0 |       0 |       1 |   0.0 |   260
               +---------+---------+-------+---------+---------+-------+---------
